 Dungeon Sprint DCSS version 0.29-a0-824-gd827844252 (webtiles) character file.

Game seed: 1891026531325337223

1681 rocky1 the Carver (level 9, -14/71 HPs)
             Began as a Human Gladiator on July 10, 2022.
             Was an Elder of Okawaru.
             Demolished by a shadow wraith (41 damage)
             ... in the Dungeon (Sprint VII: "The Pits").
             The game lasted 00:05:56 (1865 turns).

rocky1 the Carver (Human Gladiator)                 Turns: 1865, Time: 00:05:57

Health: -14/71     AC: 17    Str: 14    XL:     9   Next: 21%
Magic:  9/15       EV:  2    Int: 12    God:    Okawaru [****..]
Gold:   0          SH:  0    Dex: 19    Spells: 8/8 levels left

rFire   . . .      SeeInvis .   a - +2 scimitar (flame)
rCold   . . .      Faith    .   (no shield)
rNeg    . . .      Spirit   .   v - +4 scale mail
rPois   .          Reflect  .   c - +0 helmet
rElec   .          Harm     .   u - +0 cloak
rCorr   .          Rampage  .   (no gloves)
Will    .....      NoTele   +   t - +0 pair of boots
Stlth   ++........              (no amulet)
HPRegen 0.21/turn               q - +3 ring of evasion
MPRegen 0.14/turn               p - +3 ring of intelligence

@: sleeping, heroic, finesse-ful, slowed
A: no striking features
a: Renounce Religion, Heroism, Finesse


You were in the Dungeon.
You worshipped Okawaru.
Okawaru was greatly pleased with you.
You visited 1 branch

Inventory:

Hand Weapons
 a - a +2 scimitar of flaming (weapon)
 b - a +3 shortbow
 n - a +2 long sword of holy wrath
 x - the +2 rapier of Muusiduf {vorpal, rF+ Str+3 Int+5}
   (You found it in the Dungeon)

   It inflicts extra damage upon your enemies.
   Str:       It affects your strength (+3).
   Int:       It affects your intelligence (+5).
   rF:        It protects you from fire.
Missiles
 d - 3 throwing nets (quivered)
 e - a javelin
Armour
 c - a +0 helmet (worn)
 t - a +0 pair of boots (worn)
 u - a +0 cloak (worn)
 v - a +4 scale mail (worn)
Jewellery
 p - a +3 ring of intelligence (right hand)
 q - a +3 ring of evasion (left hand)
Scrolls
 k - a scroll of blinking
 m - 5 scrolls of amnesia
Potions
 f - 8 potions of curing
 g - 8 potions of heal wounds
 h - a potion of haste
 i - 4 potions of magic
 j - 4 potions of berserk rage
 l - 2 potions of invisibility
 r - 2 potions of brilliance
 s - a potion of resistance


   Skills:
 + Level 6.4(11.4) Fighting
 - Level 14.0(19.0) Long Blades
 + Level 4.3(9.3) Ranged Weapons
 - Level 2.3(7.3) Throwing
 + Level 5.8(10.8) Armour
 + Level 7.2(12.2) Dodging
 + Level 8.3 Invocations


You had 8 spell levels left.
You didn't know any spells.
Your spell library was empty.

Dungeon Overview and Level Annotations

Branches:
Dungeon (1/1)

Altars:
Ashenzari
Cheibriados
Dithmenos
Elyvilon
Fedhas
Gozag
Hepliaklqana
Kikubaaqudgha
Makhleb
Nemelex Xobeh
Okawaru
Qazlal
Ru
Sif Muna
Trog
Uskayaw
Vehumet
Wu Jian
Xom
Yredelemnul
Zin
The Shining One
Jiyva
Lugonu


Message History

Unknown command.
The rime drake hisses angrily.
You slash the killer bee! You burn the killer bee.
You kill the killer bee!
Okawaru accepts your kill.
You slash the killer bee! You burn the killer bee.
You kill the killer bee!
Okawaru accepts your kill.
Unknown command.
A dream sheep comes into view.
The dream sheep ruffle their wool and motes of dream dust sparkle, to no effect.
A dream sheep comes into view.
Something hits you! Something drains your vigour!
You feel yourself slow down.
Deactivating autopickup; reactivate with Ctrl-A.
A dream sheep comes into view.
The dream sheep are wreathed in dream dust.
You feel drowsy...
You fall asleep.
The dream sheep bleats!
You hear a bleat!
Something hits you!!!
You wake up.
Ouch! That really hurt!
* * * LOW HITPOINT WARNING * * *
Something drains your vigour!
You feel as though you will be slow longer.
Things that are here:
a killer bee corpse; a killer bee corpse You feel much better.
Something hits you but does no damage.
Unknown command.
You slash something! You burn something.
A dream sheep comes into view.
Something hits you but does no damage.
You hit something but do no damage. You completely miss something.
Something hits you!!
* * * LOW HITPOINT WARNING * * *
Unknown command.
You feel much better. Something hits you!
The dream sheep shake their wool and sparkle.
You feel drowsy...
You fall asleep.
Something hits you!!!
Ouch! That really hurt!
You die...

)'................+
##......#..#......#
##................#
#####'#####''######
##.......##''#
##.......##..##
##.......##...##
##...<...###...##+##ky##
##.......# ##(..@{YYDYY#
##.......# #..###+###kYY
##.......##..##
###########..
###########..
....#...[###. ....#....#
## ....'..))# ....#..).#


You could see a six-headed hydra, a lindwurm, a rime drake, 6 dream sheep and a
killer bee.

Vanquished Creatures
  A cyclops (D)
  A rime drake (D)
  3 vampire mosquitoes (D)
  A water moccasin (D)
  A floating eye (D)
  2 centaurs (D)
  A wolf (D)
  2 killer bees (D)
  A jelly (D)
  An adder (D)
  A gnoll (D)
  A river rat (D)
  2 white imps (D)
  An adder zombie (D)
  An adder skeleton (D)
  An orc (D)
  3 bats (D)
  A goblin (D)
  A kobold (D)
  A quokka (D)
  2 ball pythons (D)
  A ball python skeleton (D)
  A jackal skeleton (D)
  A rat (D)
32 creatures vanquished.

Notes
Turn   | Place    | Note
-------+----------+-------------------------------------------
     0 | D        | rocky1 the Human Gladiator began the quest for the Orb.
     0 | D        | Reached XP level 1. HP: 16/16 MP: 1/1
    18 | D        | Reached skill level 4 in Long Blades
    18 | D        | Reached XP level 2. HP: 14/23 MP: 2/2
   246 | D        | Found a bloodstained altar of Trog.
   246 | D        | Found a shimmering blue altar of Sif Muna.
   246 | D        | Found a viscous altar of Jiyva.
   246 | D        | Found a hazy altar of Hepliaklqana.
   246 | D        | Found an opulent altar of Gozag.
   247 | D        | Found a glowing golden altar of the Shining One.
   247 | D        | Found a glowing silver altar of Zin.
   247 | D        | Found a basalt altar of Yredelemnul.
   247 | D        | Found a shimmering altar of Xom.
   247 | D        | Found an ornate altar of the Wu Jian Council.
   247 | D        | Found a sacrificial altar of Ru.
   247 | D        | Found a stormy altar of Qazlal.
   247 | D        | Found an iron altar of Okawaru.
   247 | D        | Found a sparkling altar of Nemelex Xobeh.
   247 | D        | Found a burning altar of Makhleb.
   247 | D        | Found a blossoming altar of Fedhas.
   247 | D        | Found a white marble altar of Elyvilon.
   247 | D        | Found a shadowy altar of Dithmenos.
   247 | D        | Found a snail-covered altar of Cheibriados.
   249 | D        | Found a radiant altar of Vehumet.
   249 | D        | Found a corrupted altar of Lugonu.
   250 | D        | Found a hide-covered altar of Uskayaw.
   250 | D        | Found an ancient bone altar of Kikubaaqudgha.
   250 | D        | Found a broken altar of Ashenzari.
   257 | D        | Became a worshipper of Warmaster Okawaru
   381 | D        | Reached skill level 5 in Long Blades
   381 | D        | Reached XP level 3. HP: 8/28 MP: 3/3
   641 | D        | Reached skill level 6 in Long Blades
   997 | D        | Noticed a wolf
  1014 | D        | Killed a wolf
  1014 | D        | Reached * piety under Okawaru
  1015 | D        | Reached skill level 8 in Long Blades
  1015 | D        | Reached skill level 5 in Invocations
  1015 | D        | Reached XP level 4. HP: 21/34 MP: 3/7
  1015 | D        | Reached XP level 5. HP: 24/39 MP: 3/8
  1020 | D        | Reached skill level 9 in Long Blades
  1165 | D        | Noticed a rime drake
  1172 | D        | Killed a rime drake
  1172 | D        | Reached ** piety under Okawaru
  1173 | D        | Reached skill level 13 in Long Blades
  1173 | D        | Reached XP level 6. HP: 17/46 MP: 6/9
  1173 | D        | Reached XP level 7. HP: 18/51 MP: 6/10
  1364 | D        | Noticed a water moccasin
  1373 | D        | Killed a water moccasin
  1374 | D        | Reached skill level 14 in Long Blades
  1383 | D        | Reached *** piety under Okawaru
  1384 | D        | Reached skill level 1 in Armour
  1501 | D        | Paralysed by a floating eye for 3 turns
  1515 | D        | Reached skill level 5 in Dodging
  1515 | D        | Reached XP level 8. HP: 30/60 MP: 10/12
  1709 | D        | Got the +2 rapier of Muusiduf {vorpal, rF+ Str+3 Int+5}
  1822 | D        | Noticed a cyclops
  1826 | D        | Reached skill level 1 in Ranged Weapons
  1835 | D        | Reached skill level 5 in Fighting
  1841 | D        | Killed a cyclops
  1841 | D        | Reached **** piety under Okawaru
  1842 | D        | Reached skill level 5 in Armour
  1842 | D        | Reached XP level 9. HP: 60/69 MP: 11/15
  1851 | D        | Noticed a six-headed hydra
  1852 | D        | Noticed a rime drake
  1853 | D        | Noticed a lindwurm
  1865 | D        | Demolished by a shadow wraith

Illustrated notes

Levels and vault maps discovered:
D:        pitsprint [storerooms_1, entrance_room_1, metal_vault_5, armoury_1,
          mini_pit_1, grid_room_1, main_hall_1, silver_pit, the_coven_1,
          the_vestibule_1, steel_vault_5, golden_pit, hallway_of_sentries,
          crystal_vault_2, iron_vault_1, final_vault]

Skill      XL: |  1  2  3  4  5  6  7  8  9 |
---------------+----------------------------+-----
Long Blades    | 4 5 8 13 14 | 14.0
Invocations    | 5 6 8 |  8.3
Dodging        | 5 6 7 |  7.2
Armour         | 3 5 |  5.8
Fighting       | 4 6 |  6.4
Ranged Weapons | 3 4 |  4.3
Throwing       | |  2.3

Action                   |  1- 3 |  4- 6 |  7- 9 || total
-------------------------+-------+-------+-------++-------
Melee: Long sword        |    52 |    20 |    34 ||   106
       Punch             |       |     3 |     2 ||     5
       Scimitar          |       |       |    30 ||    30
Invok: Heroism           |       |     2 |     1 ||     3
       Finesse           |       |       |     1 ||     1
  Use: Potion            |       |       |     2 ||     2
Armor: Leather armour    |    10 |       |       ||    10
       Chain mail        |     5 |    11 |    41 ||    57
       Scale mail        |       |       |    12 ||    12
Dodge: Dodged            |    45 |     1 |    47 ||    93

Table legend: (Time is in decaauts)
 A = Elapsed time spent in this place.
 B = Non-inter-level travel time spent in this place.
 C = Inter-level travel time spent in this place.
 D = Time resting spent in this place.
 E = Time spent auto-exploring this place.
 F = Levels seen in this place.
 G = Mean time per level.
                   A        B        C        D        E       F      G
               +--------+--------+--------+--------+--------+-----+--------+
         Total |   1841 |   1820 |     21 |   1338 |      0 |   1 | 1841.0 |
       Dungeon |   1841 |   1820 |     21 |   1338 |      0 |   1 | 1841.0 |
               +--------+--------+--------+--------+--------+-----+--------+

Top non-repeatable levels by time:
       D: 1841 daAuts
